 Dungeon Crawl Stone Soup version 0.18.1-6-gd335043 (webtiles) character file.

427 st0uf the Ducker (level 6, 0/53 HPs)
             Began as a Draconian Fighter on May 16, 2016.
             Was a Follower of Okawaru.
             Killed from afar by an orc wizard (4 damage)
             ... with a magic dart
             ... on level 4 of the Dungeon.
             The game lasted 00:10:35 (3846 turns).

st0uf the Ducker (Draconian Fighter)                Turns: 3846, Time: 00:10:37

Health: 0/53       AC:  6    Str: 20    XL:     6   Next: 65%
Magic:  4/6        EV: 15    Int:  9    God:    Okawaru [*.....]
Gold:   78         SH: 11    Dex: 10    Spells: 0 memorised, 5 levels left

rFire  . . .     SeeInvis .     a - +0 long sword
rCold  . . .     Gourm    .     (armour unavailable)
rNeg   . . .     Faith    .     b - +0 shield
rPois  .         Spirit   .     (helmet restricted)
rElec  .         Dismiss  .     (no cloak)
rCorr  .         Reflect  .     (no gloves)
SustAt .         Harm     .     (no boots)
MR     .....                    (no amulet)
Stlth  ++........               (no ring)
                                (no ring)

@: heroism, not resistant to hostile enchantments, unstealthy
A: unfitting armour, cold-blooded, AC +6
a: Heroism, Renounce Religion


You were on level 4 of the Dungeon.
You worshipped Okawaru.
Okawaru was aware of your devotion.
You were near starving.

You visited 1 branch of the dungeon, and saw 4 of its levels.

You collected 78 gold pieces.

Inventory:

Hand Weapons
 a - a +0 long sword (weapon)
Missiles
 e - 106 stones (quivered)
Armour
 b - a +0 shield (worn)
Scrolls
 f - a scroll of noise {unknown}
 i - a scroll of remove curse {unknown}
 j - a scroll of immolation {unknown}
 k - a scroll of amnesia {unknown}
 l - 2 scrolls of recharging {unknown}
 m - a scroll of magic mapping {unknown}
 o - a scroll of identify {unknown}
 r - a scroll of blinking {unknown}
Potions
 c - a potion of might
 g - 2 potions of curing {unknown}
 h - a potion of heal wounds {unknown}
 n - a potion of invisibility
 q - a potion of haste {unknown}
Comestibles
 d - 2 bread rations
 p - a beef jerky


   Skills:
 + Level 4.6(9.6) Fighting
 + Level 3.1(8.1) Long Blades
 + Level 5.1(10.1) Dodging
 + Level 4.3(9.3) Shields


You had 5 spell levels left.
You didn't know any spells.

Dungeon Overview and Level Annotations

Branches:
Dungeon (4/15)
 Temple: D:4-7

Altars:
Cheibriados
Okawaru


Innate Abilities, Weirdness & Mutations

Your plain brown scales are hard (AC +6).
Your body does not fit into most forms of armour.
You are cold-blooded and may be slowed by cold attacks.


Message History

The orc wizard is moderately wounded.
The orc hits you.
* * * LOW HITPOINT WARNING * * *
The orc wizard casts a spell.
The orc wizard blinks!
You completely miss the orc.
The orc wizard cheers loudly.
You block the orc's attack.
You barely miss the orc. The orc wizard casts a spell at you.
The magic dart hits you!
You hit the orc.
The orc is almost dead.
The orc closely misses you.
You slash the orc!
You kill the orc!
Okawaru accepts your kill. The orc wizard casts a spell at you.
The magic dart hits you!
You die...

.....###.####..... ....#
....... .. .....# ##...#
#.#..## #. ...## #...#
##.#..##.#.# #.# #...#
#.<......#.###(## ...###
##.....##)......o#####......
+......##....##o....$..o....
##.....##.o#o##.............
#.....##..#@†##............
##.....##..##.##.#####..>###
#................# .....
######...####.#### ..)###
#.###.# #.# ..# ..# #.##.#
..# #.. ....# #. #### #


You could see an orc wizard.

Vanquished Creatures
  An ogre (D:4)
  A giant frog skeleton (D:4)
  2 hounds
  An orc wizard (D:3)
  Natasha (thrice) (D:2)
  A worker ant (D:4)
  A hound skeleton (D:4)
  Robin (D:1)
  2 adders (D:3)
  An ooze (D:2)
  A worm (D:3)
  4 dart slugs (D:1)
  A giant gecko (D:1)
  3 orcs
  5 giant cockroaches
  12 goblins
  10 hobgoblins
  6 kobolds
  3 quokkas
  7 bats
  A giant newt (D:1)
  9 rats
76 creatures vanquished.

Notes
Turn   | Place    | Note
--------------------------------------------------------------
     0 | D:1      | st0uf the Draconian Fighter began the quest for the Orb.
     0 | D:1      | Reached XP level 1. HP: 19/19 MP: 1/1
   321 | D:1      | Reached XP level 2. HP: 26/26 MP: 2/2
   427 | D:1      | Reached skill level 3 in Dodging
   813 | D:1      | Reached XP level 3. HP: 32/33 MP: 3/3
  1047 | D:2      | Noticed Robin
  1076 | D:1      | Killed Robin
  1547 | D:2      | Found a snail-covered altar of Cheibriados.
  1547 | D:2      | Found an iron altar of Okawaru.
  1550 | D:2      | Became a worshipper of Warmaster Okawaru
  1781 | D:2      | Reached XP level 4. HP: 40/40 MP: 4/4
  1807 | D:2      | Noticed Natasha
  1821 | D:2      | Killed Natasha
  2027 | D:2      | Noticed Natasha
  2032 | D:2      | Killed Natasha
  2363 | D:2      | Noticed Natasha
  2369 | D:2      | Killed Natasha
  2369 | D:2      | Reached XP level 5. HP: 33/46 MP: 5/5
  2588 | D:3      | Reached skill level 4 in Dodging
  2942 | D:4      | Noticed an ogre
  3785 | D:4      | Reached * piety under Okawaru
  3785 | D:4      | Reached XP level 6. HP: 40/53 MP: 6/6
  3830 | D:4      | HP: 1/53 [ogre/giant club (19)]
  3838 | D:4      | Reached skill level 5 in Dodging
  3846 | D:4      | Killed from afar by an orc wizard

Skill      XL: |  1  2  3  4  5  6 |
---------------+-------------------+-----
Dodging        | 3 4 5 |  5.1
Fighting       | 4 |  4.6
Shields        | 4 |  4.3
Long Blades    | 3 |  3.1

Action                   |  1- 3 |  4- 6 || total
-------------------------+-------+-------++-------
Melee: Long sword        |    97 |   144 ||   241
       Tailslap          |     6 |    28 ||    34
Invok: Heroism           |       |     2 ||     2
  Eat: Chunk             |     2 |     6 ||     8
Armor: Skin              |    21 |    44 ||    65
Dodge: Dodged            |    30 |    66 ||    96
Block: Shield            |    52 |    71 ||   123
